 Dungeon Sprint DCSS version 0.16-b1 (webtiles) character file.

12200000 Medar the Axe Maniac (level 26, -51/259 (266) HPs)
             Began as a Black Draconian Monk on Mar 10, 2015.
             Was the Champion of Makhleb.
             Killed from afar by an observer (68 damage)
             ... with a fireball
             ... in the Dungeon (Sprint VIII: "Arena of Blood").
             The game lasted 00:04:36 (122 turns).

Medar the Axe Maniac (Black Draconian Monk)          Turns: 122, Time: 00:04:36

HP:   -51/259 (266) AC: 12    Str: 16    XL:     26   Next: 97%
MP:   35/49         EV: 38    Int: 11    God:    Makhleb [******]
Gold: 0             SH:  0    Dex: 23    Spells: 0 memorised, 79 levels left

rFire  . . .     SeeInvis .     a - +∞ Axe of Woe
rCold  . . .     Clarity  .     (armour unavailable)
rNeg   . . .     SustAb   .     (no shield)
rPois  .         Gourm    .     (helmet restricted)
rElec  +         Spirit   .     (no cloak)
rCorr  .         Warding  .     (no gloves)
rMut   .         NoTele   +     (no boots)
MR     +....                    (no amulet)
Stlth  ++++++++..               (no ring)
                                (no ring)

@: flying, non-regenerating, rotting, diseased, somewhat resistant to hostile
enchantments, extraordinarily stealthy
A: breathe lightning, able to fly continuously, unfitting armour, big wings,
electricity resistance, cold-blooded, AC +12
a: Breathe Lightning, Stop Flying, Minor Destruction, Lesser Servant of Makhleb,
Major Destruction, Greater Servant of Makhleb, Renounce Religion


You were in the Dungeon.
You worshipped Makhleb.
Makhleb was exalted by your worship.
You were not hungry.

You visited 1 branch

Inventory:

Hand weapons
 a - the +∞ Axe of Woe (weapon)
   (You found it in the Dungeon)
Scrolls
 h - a scroll of blinking
Potions
 c - a potion of curing {@q1}
 d - a potion of heal wounds
 e - a potion of haste
 f - 2 potions of magic
 g - a potion of berserk rage {!q}
Comestibles
 b - a bread ration


   Skills:
 O Level 27 Fighting
 O Level 27 Axes
 O Level 27 Throwing
 O Level 27 Dodging
 O Level 27 Stealth
 O Level 27 Unarmed Combat
 O Level 27 Spellcasting
 O Level 27 Invocations


You had 79 spell levels left.
You didn't know any spells.

Dungeon Overview and Level Annotations

Branches:
Dungeon (1/1)

Altars:
Makhleb


Innate Abilities, Weirdness & Mutations

You can breathe wild blasts of lightning.
You can fly continuously.
Your glossy black scales are hard (AC +12).
Your body does not fit into most forms of armour.
Your wings are large and strong.
You are resistant to electric shocks.
Your cold-blooded metabolism reacts poorly to cold.


Message History

You hit the small abomination.
You slaughter the small abomination joyfully.
You destroy the small abomination!
Makhleb accepts your kill.
You feel a little better.
You slice the crawling corpse!!
You hew the crawling corpse savagely.
You destroy the crawling corpse!
You hear a shout!
The accursed gestures at you while chanting.
Something smites you!
* * * LOW HITPOINT WARNING * * *
The eight-headed meat hydra calls on the powers of darkness!
The eight-headed meat hydra convulses! x2
Your body is wracked with pain!
* * * LOW HITPOINT WARNING * * *
The bag of meat convulses! x2
You hear a shout!
You feel something staring at you.
A fireball appears from out of thin air!
The fireball explodes!
The fireball engulfs you!
You die...

......X.... .
%........ ...
#.......# .#..
#%......# ..
.....###%......###...
......o...o###).......
#.....z))_))...Mo...
#X......#)))))#.O....
.o.X....#_@<)_# ...
#X.X....#)))%.#.....
..#.....))D_........
.......D.###.......
...###... ...###.. ...
#%.. ...# #%......#
......§z. .....z. .


You could see an accursed, 2 eight-headed meat hydras, a sculptor of flesh and 2
bags of meat.

Vanquished Creatures
  2 great orbs of eyes (D)
  5 greater mummies (D)
  3 hell beasts (D)
  6 hill giants (D)
  A hydra (D)
  3 liches (D)
  27 ogres (D)
  38 orcs (D)
  5 phantoms (D)
  5 skeletal warriors (D)
  11 vampire knights (D)
  4 wraiths (D)
  2 tentacled monstrosities (D)
  A reaper (D)
  10 large abominations (D)
  9 small abominations (D)
  A soul eater (D)
  11 crawling corpses (D)
144 creatures vanquished.

Vanquished Creatures (others)
  2 crawling corpses (D)
2 creatures vanquished.

Grand Total: 146 creatures vanquished

Notes
Turn   | Place    | Note
--------------------------------------------------------------
     0 | D        | Medar, the Draconian Monk, began the quest for the Orb.
     0 | D        | Reached XP level 1. HP: 19/19 MP: 1/1
     4 | D        | Noticed a bag of meat
     4 | D        | Became a worshipper of Makhleb the Destroyer
     4 | D        | Acquired Makhleb's first power
     4 | D        | Acquired Makhleb's second power
     5 | D        | Noticed a bag of meat
    10 | D        | Noticed a bag of meat
    10 | D        | Killed a bag of meat
    10 | D        | Reached skill level 15 in Fighting
    10 | D        | Reached skill level 18 in Axes
    10 | D        | Reached XP level 2. HP: 22/48 MP: 2/2
    10 | D        | Reached XP level 3. HP: 25/55 MP: 3/3
    10 | D        | Reached XP level 4. HP: 28/62 MP: 4/4
    10 | D        | Reached XP level 5. HP: 31/69 MP: 5/5
    10 | D        | Reached XP level 6. HP: 34/77 MP: 6/6
    10 | D        | Your scales start taking on a glossy black colour.
    10 | D        | Gained mutation: You are resistant to electric shocks. [draconian maturity]
    10 | D        | Reached XP level 7. HP: 36/83 MP: 7/7
    10 | D        | Reached XP level 8. HP: 39/91 MP: 8/8
    10 | D        | Reached XP level 9. HP: 41/97 MP: 9/9
    10 | D        | Reached XP level 10. HP: 44/105 MP: 10/10
    10 | D        | Reached XP level 11. HP: 46/112 MP: 11/11
    10 | D        | Killed a bag of meat
    10 | D        | Reached skill level 21 in Axes
    10 | D        | Reached skill level 15 in Dodging
    10 | D        | Reached XP level 12. HP: 82/125 MP: 12/12
    11 | D        | Noticed a bag of meat
    11 | D        | Killed a bag of meat
    11 | D        | Acquired Makhleb's third power
    11 | D        | Reached skill level 22 in Axes
    11 | D        | Reached XP level 13. HP: 86/136 MP: 13/13
    12 | D        | Noticed a bag of meat
    12 | D        | Noticed a meat berserker
    14 | D        | Noticed a bag of meat
    14 | D        | Killed a meat berserker
    14 | D        | Reached skill level 24 in Axes
    15 | D        | Noticed a bag of meat
    16 | D        | Noticed a bag of meat
    17 | D        | Noticed a meat berserker
    17 | D        | Noticed a bag of meat
    18 | D        | Killed a bag of meat
    18 | D        | Acquired Makhleb's fourth power
    18 | D        | Reached skill level 25 in Axes
    18 | D        | Gained mutation: Your wings are large and strong. [draconian growth]
    18 | D        | Reached XP level 14. HP: 146/149 MP: 14/14
    19 | D        | Noticed a bag of meat
    19 | D        | Noticed a bag of meat
    20 | D        | Noticed a meat berserker
    21 | D        | Noticed a meat berserker
    21 | D        | Noticed a large bag of meat
    21 | D        | Killed a bag of meat
    21 | D        | Reached skill level 26 in Axes
    23 | D        | Noticed a meat berserker
    23 | D        | Killed a meat berserker
    23 | D        | Reached skill level 27 in Axes
    23 | D        | Reached XP level 15. HP: 157/162 MP: 15/15
    23 | D        | Killed a bag of meat
    23 | D        | Acquired Makhleb's fifth power
    23 | D        | Killed a bag of meat
    24 | D        | Noticed a bag of meat
    24 | D        | Killed a large bag of meat
    24 | D        | Killed a bag of meat
    24 | D        | Reached skill level 27 in Fighting
    24 | D        | Reached XP level 16. HP: 178/183 MP: 16/16
    25 | D        | Killed a meat berserker
    26 | D        | Noticed a meat berserker
    26 | D        | Noticed a meat berserker
    26 | D        | Killed a meat berserker
    26 | D        | Reached skill level 27 in Dodging
    26 | D        | Killed a bag of meat
    26 | D        | Reached skill level 15 in Invocations
    27 | D        | Killed a bag of meat
    27 | D        | Reached XP level 17. HP: 191/191 MP: 16/36
    27 | D        | Noticed a destroyer
    28 | D        | Noticed a bag of meat
    28 | D        | Noticed a bag of meat
    28 | D        | Killed a meat berserker
    29 | D        | Noticed a bag of meat
    29 | D        | Noticed a large bag of meat
    29 | D        | Noticed a destroyer
    29 | D        | Noticed a bag of meat
    29 | D        | Noticed a bag of meat
    30 | D        | Killed a destroyer
    31 | D        | Noticed a bag of meat
    31 | D        | Killed a meat berserker
    31 | D        | Reached skill level 27 in Invocations
    31 | D        | Killed a bag of meat
    31 | D        | Killed a meat berserker
    31 | D        | Reached XP level 18. HP: 200/200 MP: 16/40
    31 | D        | Killed a bag of meat
    32 | D        | Noticed a meat berserker
    34 | D        | Noticed a large bag of meat
    34 | D        | Noticed a large bag of meat
    34 | D        | Killed a bag of meat
    35 | D        | Killed a bag of meat
    35 | D        | Killed a bag of meat
    35 | D        | Reached skill level 27 in Stealth
    35 | D        | Killed a bag of meat
    35 | D        | Reached skill level 10 in Unarmed Combat
    35 | D        | Killed a meat berserker
    35 | D        | Reached XP level 19. HP: 207/207 MP: 14/41
    37 | D        | Noticed a meat berserker
    37 | D        | Killed a bag of meat
    38 | D        | Noticed a bag of meat
    38 | D        | Noticed a destroyer
    38 | D        | Noticed a destroyer
    38 | D        | Killed a large bag of meat
    38 | D        | Reached skill level 15 in Unarmed Combat
    38 | D        | Killed a bag of meat
    38 | D        | Reached skill level 15 in Throwing
    38 | D        | Reached skill level 15 in Spellcasting
    39 | D        | Noticed a bag of meat
    40 | D        | Noticed a meat berserker
    40 | D        | Killed a large bag of meat
    40 | D        | Killed a destroyer
    40 | D        | Killed a destroyer
    41 | D        | Noticed a sculptor of flesh
    41 | D        | Killed a large bag of meat
    41 | D        | Reached XP level 20. HP: 206/216 MP: 16/42
    42 | D        | Killed a meat berserker
    43 | D        | Noticed a destroyer
    43 | D        | Killed a meat berserker
    44 | D        | Killed a bag of meat
    45 | D        | Noticed a large bag of meat
    46 | D        | Noticed a bag of meat
    46 | D        | Noticed a meat berserker
    46 | D        | Noticed a meat berserker
    47 | D        | Noticed a bag of meat
    47 | D        | Noticed a bag of meat
    47 | D        | Killed a destroyer
    48 | D        | Noticed a large bag of meat
    48 | D        | Killed a bag of meat
    50 | D        | Killed a destroyer
    50 | D        | Killed a meat berserker
    50 | D        | Reached XP level 21. HP: 224/224 MP: 18/45
    50 | D        | Killed a bag of meat
    50 | D        | Reached skill level 27 in Unarmed Combat
    50 | D        | Killed a meat berserker
    51 | D        | Killed a bag of meat
    52 | D        | Noticed a meat berserker
    52 | D        | Killed a sculptor of flesh
    52 | D        | Reached skill level 27 in Throwing
    52 | D        | Reached skill level 27 in Spellcasting
    53 | D        | Killed a large bag of meat
    54 | D        | Noticed a meat berserker
    54 | D        | Killed a meat berserker
    55 | D        | Killed a large bag of meat
    55 | D        | Killed a bag of meat
    55 | D        | Reached XP level 22. HP: 233/233 MP: 19/47
    56 | D        | Noticed a sculptor of flesh
    56 | D        | Noticed a sculptor of flesh
    56 | D        | Noticed a bag of meat
    57 | D        | Noticed a meat berserker
    57 | D        | Noticed a bag of meat
    57 | D        | Noticed a bag of meat
    57 | D        | Noticed a meat berserker
    58 | D        | Noticed a meat berserker
    58 | D        | Noticed a destroyer
    60 | D        | Noticed a destroyer
    60 | D        | Noticed a dread
    60 | D        | Killed a destroyer
    60 | D        | Killed a meat berserker
    60 | D        | Killed a meat berserker
    61 | D        | Noticed a meat berserker
    61 | D        | Noticed a meat berserker
    61 | D        | Noticed a destroyer
    61 | D        | Killed a bag of meat
    61 | D        | Noticed a meat beast
    62 | D        | Noticed a dread
    62 | D        | Killed a dread
    62 | D        | Killed a meat berserker
    63 | D        | Noticed a meat berserker
    63 | D        | Noticed an accursed
    63 | D        | Noticed a bag of meat
    63 | D        | Noticed a meat berserker
    63 | D        | Killed a meat beast
    63 | D        | Killed a bag of meat
    64 | D        | Killed a sculptor of flesh
    64 | D        | Reached XP level 23. HP: 240/240 MP: 21/48
    64 | D        | Killed a meat berserker
    64 | D        | Killed a meat berserker
    65 | D        | Noticed a destroyer
    65 | D        | Noticed a meat berserker
    65 | D        | Noticed a sculptor of flesh
    65 | D        | Killed a destroyer
    65 | D        | Killed a destroyer
    66 | D        | Noticed a tyrant
    66 | D        | Killed a bag of meat
    67 | D        | Noticed a bag of meat
    68 | D        | Killed a destroyer
    68 | D        | Killed a meat berserker
    68 | D        | Killed a sculptor of flesh
    69 | D        | Killed a bag of meat
    70 | D        | Noticed a meat berserker
    70 | D        | Killed a meat berserker
    71 | D        | Noticed a bag of meat
    72 | D        | Noticed a meat beast
    72 | D        | Killed a dread
    72 | D        | Reached XP level 24. HP: 249/249 MP: 23/48
    73 | D        | Noticed an accursed
    73 | D        | Killed a meat berserker
    73 | D        | Killed an accursed
    74 | D        | Noticed a bag of meat
    74 | D        | Killed a sculptor of flesh
    75 | D        | Noticed a destroyer
    75 | D        | Killed a meat beast
    76 | D        | Noticed a sculptor of flesh
    76 | D        | Noticed a sculptor of flesh
    76 | D        | Noticed an eight-headed meat hydra
    76 | D        | Noticed a meat beast
    77 | D        | Noticed a destroyer
    77 | D        | Killed a meat berserker
    77 | D        | Killed a sculptor of flesh
    78 | D        | Killed a tyrant
    78 | D        | Killed a bag of meat
    79 | D        | Noticed a dread
    80 | D        | Killed a meat beast
    81 | D        | Killed a destroyer
    81 | D        | Reached XP level 25. HP: 194/257 MP: 25/49
    82 | D        | Killed an accursed
    82 | D        | Killed a bag of meat
    83 | D        | Noticed a meat berserker
    84 | D        | Killed a nine-headed meat hydra
    85 | D        | Killed a destroyer
    87 | D        | Noticed an accursed
    87 | D        | Killed a dread
    87 | D        | Killed a meat berserker
    90 | D        | Noticed a bag of meat
    90 | D        | Killed a wretched soul
    91 | D        | Killed a bag of meat
    91 | D        | Killed a wretched soul
    92 | D        | Noticed a meat berserker
    92 | D        | Noticed a bag of meat
    92 | D        | Noticed a dread
    92 | D        | Noticed a tyrant
    93 | D        | Noticed an accursed
    93 | D        | Noticed a bag of meat
    94 | D        | Noticed a bag of meat
    94 | D        | Killed a meat berserker
    95 | D        | Noticed a meat berserker
    95 | D        | Noticed a tyrant
    96 | D        | Noticed a bag of meat
    96 | D        | Noticed an accursed
    96 | D        | Noticed a sculptor of flesh
    96 | D        | Noticed a meat berserker
    97 | D        | Killed an accursed
    97 | D        | Killed a meat berserker
    97 | D        | Killed an observer
    98 | D        | Killed a bag of meat
   100 | D        | Killed a wretched soul
   101 | D        | Noticed a bag of meat
   101 | D        | Noticed a bag of meat
   101 | D        | Killed a meat berserker
   101 | D        | Reached XP level 26. HP: 260/260 MP: 30/49
   103 | D        | Killed a dread
   104 | D        | Killed a bag of meat
   106 | D        | Noticed a meat berserker
   106 | D        | Killed an accursed
   106 | D        | Killed a bag of meat
   106 | D        | Killed a wretched soul
   107 | D        | Killed a wretched soul
   109 | D        | Killed a bag of meat
   109 | D        | Killed an observer
   110 | D        | Noticed a bag of meat
   110 | D        | Killed a tyrant
   112 | D        | Killed a bag of meat
   113 | D        | Killed a tyrant
   116 | D        | Noticed a bag of meat
   116 | D        | Killed a bag of meat
   117 | D        | Killed a bag of meat
   118 | D        | Killed a meat berserker
   119 | D        | Noticed a bag of meat
   119 | D        | Noticed a meat berserker
   120 | D        | Killed an accursed
   120 | D        | Killed a bag of meat
   121 | D        | Noticed a bag of meat
   121 | D        | Noticed a bag of meat
   122 | D        | Noticed an accursed
   122 | D        | Killed from afar by an observer

Action                   |  1- 3 |  4- 6 |  7- 9 | 10-12 | 13-15 | 16-18 | 19-21 | 22-24 | 25-27 || total
-------------------------+-------+-------+-------+-------+-------+-------+-------+-------+-------++-------
Melee: Executioner's axe |     1 |       |       |     1 |     5 |     8 |    16 |    18 |    27 ||    76
 Abil: Fly               |       |       |       |       |       |     1 |       |       |       ||     1
       Breathe Lightning |       |       |       |       |       |       |       |     1 |       ||     1
